3A
GRAND FORKS CATERPILLARS @ PROVO MANGO
09/05/2028
 
TOP OF THE 1ST
Grand Forks Caterpillars batting - Pitching for Provo Mango : RHP Grover Lowdermilk
Pitching: RHP Grover Lowdermilk
Batting: LHB Arana Sashi 0-0: Ball
1-0: Ball
2-0: Ball
3-0: Base on Balls
Batting: RHB Craig Tricket 0-0: Ball
1-0: Ball
2-0: Ball
3-0: SINGLE (Groundball, 6MD)
Arana Sashi to second
Batting: SHB Juan Carlos Santos 0-0: Ball
Arana Sashi is caught stealing 3rd base
Craig Tricket to second
1-0: Called Strike
1-1: Swinging Strike
1-2: Strikes out swinging
Batting: RHB Nelson Jaramillo 0-0: Called Strike
0-1: DOUBLE (Line Drive, 7LM)
Craig Tricket scores
Batting: RHB Juan Rico 0-0: Foul Ball, location: 2F
0-1: Foul Ball, location: 2F
0-2: Foul Ball, location: 2F
0-2: Ball
1-2: Strikes out swinging
Top of the 1st over - 1 run(s), 2 hit(s), 0 error(s), 1 left on base; Grand Forks 1 - Provo 0
BOTTOM OF THE 1ST
Provo Mango batting - Pitching for Grand Forks Caterpillars : RHP Rizaldo Manansala
Pitching: RHP Rizaldo Manansala
Batting: RHB Michael Sweeney 0-0: Ball
1-0: Ball
2-0: Called Strike
2-1: Ground out 4-3 (Groundball, 4)
Batting: RHB Hatui Haunani 0-0: Hit by Pitch
Batting: LHB Andrés Garza 0-0: Swinging Strike
0-1: Foul Ball, location: 2F
0-2: Fielders Choice at 2nd, 6-4 (Groundball, 6D)
Batting: RHB Xi-ku See-to 0-0: Ball
1-0: Ball
2-0: Called Strike
2-1: Ball
3-1: Foul Ball, location: 2F
3-2: Ground out 6-3 (Groundball, 6)
Bottom of the 1st over - 0 run(s), 0 hit(s), 0 error(s), 1 left on base; Grand Forks 1 - Provo 0
TOP OF THE 2ND
Grand Forks Caterpillars batting - Pitching for Provo Mango : RHP Grover Lowdermilk
Batting: LHB Ieyoshi Samurakami 0-0: Ball
1-0: Ball
2-0: Fly out, F8 (Flyball, 8LM)
Batting: RHB Joaquín Lara 0-0: Ball
1-0: Foul Ball, location: 2F
1-1: SINGLE (Flyball, 7S)
Batting: RHB Moriz Ayushiev 0-0: Ball
1-0: Ground out 5-3 (Groundball, 56S)
Joaquín Lara to second
Batting: RHB Hirotada Rin 0-0: Fly out, F9 (Flyball, 9S)
Top of the 2nd over - 0 run(s), 1 hit(s), 0 error(s), 1 left on base; Grand Forks 1 - Provo 0
BOTTOM OF THE 2ND
Provo Mango batting - Pitching for Grand Forks Caterpillars : RHP Rizaldo Manansala
Batting: RHB Francisco Guerra 0-0: Ball
1-0: Called Strike
1-1: Ball
2-1: Swinging Strike
2-2: Foul Ball, location: 2F
2-2: Strikes out looking
Batting: SHB Tomás Solorzano 0-0: Called Strike
0-1: Ball
1-1: Ground out U3 (Groundball, 3)
Batting: SHB Tommy Dreamer 0-0: Called Strike
0-1: Ball
1-1: Called Strike
1-2: Hit by Pitch
Batting: RHB Guillermo Carrizales 0-0: DOUBLE (Line Drive, 5D)
Tommy Dreamer to third
Runner from 3rd tries for Home, SAFE, no throw
Batting: LHB Jesús De Jesús 0-0: Called Strike
0-1: Ball
1-1: Ball
2-1: Called Strike
2-2: Ball
3-2: Strikes out swinging
Bottom of the 2nd over - 1 run(s), 1 hit(s), 0 error(s), 1 left on base; Grand Forks 1 - Provo 1
TOP OF THE 3RD
Grand Forks Caterpillars batting - Pitching for Provo Mango : RHP Grover Lowdermilk
Batting: LHB Arana Sashi 0-0: Ball
1-0: Fly out, F4 (Popup, 4MD)
Batting: RHB Craig Tricket 0-0: Ground out 1-3 (Groundball, 13S)
Batting: SHB Juan Carlos Santos 0-0: Fly out, F8 (Flyball, 8LM)
Top of the 3rd over - 0 run(s), 0 hit(s), 0 error(s), 0 left on base; Grand Forks 1 - Provo 1
BOTTOM OF THE 3RD
Provo Mango batting - Pitching for Grand Forks Caterpillars : RHP Rizaldo Manansala
Batting: RHB Michael Sweeney 0-0: Ball
1-0: Called Strike
1-1: Foul Ball, location: 2F
1-2: Ball
2-2: Ball
3-2: Strikes out swinging
Batting: RHB Hatui Haunani 0-0: Ball
1-0: Called Strike
1-1: Called Strike
1-2: Ball
2-2: Fly out, F9 (Flyball, 89S)
Batting: LHB Andrés Garza 0-0: Foul Ball, location: 2F
0-1: Ball
1-1: Ground out 4-3 (Groundball, 4)
Bottom of the 3rd over - 0 run(s), 0 hit(s), 0 error(s), 0 left on base; Grand Forks 1 - Provo 1
TOP OF THE 4TH
Grand Forks Caterpillars batting - Pitching for Provo Mango : RHP Grover Lowdermilk
Batting: RHB Nelson Jaramillo 0-0: Swinging Strike
0-1: SINGLE (Groundball, 34D)
Batting: RHB Juan Rico 0-0: Ball
1-0: Called Strike
1-1: Foul Ball, location: 2F
1-2: Foul Ball, location: 2F
1-2: Grounds into double play, 6-4-3 (Groundball, 6)
Batting: LHB Ieyoshi Samurakami 0-0: Ball
1-0: Foul Ball, location: 2F
1-1: Ball
2-1: Ground out 4-3 (Groundball, 4)
Top of the 4th over - 0 run(s), 1 hit(s), 0 error(s), 0 left on base; Grand Forks 1 - Provo 1
BOTTOM OF THE 4TH
Provo Mango batting - Pitching for Grand Forks Caterpillars : RHP Rizaldo Manansala
Batting: RHB Xi-ku See-to 0-0: Ball
1-0: Ball
2-0: SINGLE (Groundball, 56D)
Batting: RHB Francisco Guerra 0-0: Ball
1-0: Swinging Strike
1-1: Fielders Choice at 2nd, 6-4 (Groundball, 56)
Batting: SHB Tomás Solorzano 0-0: Called Strike
0-1: Ball
1-1: Foul Ball, location: 2F
1-2: Fly out, F7 (Flyball, 7)
Batting: SHB Tommy Dreamer 0-0: Ball
1-0: Called Strike
Francisco Guerra steals 2nd base
1-1: Foul Ball, location: 2F
1-2: Ball
2-2: Ground out U3 (Groundball, 34)
Bottom of the 4th over - 0 run(s), 1 hit(s), 0 error(s), 1 left on base; Grand Forks 1 - Provo 1
TOP OF THE 5TH
Grand Forks Caterpillars batting - Pitching for Provo Mango : RHP Grover Lowdermilk
Batting: RHB Joaquín Lara 0-0: Called Strike
0-1: Ball
1-1: Ball
2-1: SINGLE (Groundball, 6S) (infield hit)
Batting: RHB Moriz Ayushiev 0-0: Ball
Joaquín Lara is caught stealing 2nd base
1-0: Ball
2-0: Ball
3-0: Called Strike
3-1: Base on Balls
Batting: RHB Hirotada Rin 0-0: Fielders Choice at 2nd, 6-4 (Groundball, 6)
Batting: LHB Arana Sashi 0-0: Foul Ball, location: 2F
0-1: Ball
1-1: Foul Ball, location: 2F
1-2: Ball
2-2: Ball
3-2: Strikes out swinging
Top of the 5th over - 0 run(s), 1 hit(s), 0 error(s), 1 left on base; Grand Forks 1 - Provo 1
BOTTOM OF THE 5TH
Provo Mango batting - Pitching for Grand Forks Caterpillars : RHP Rizaldo Manansala
Batting: RHB Guillermo Carrizales 0-0: Ball
1-0: Fly out, F3 (Popup, 3S)
Batting: LHB Jesús De Jesús 0-0: SINGLE (Groundball, 34S) (infield hit)
Batting: RHB Michael Sweeney 0-0: Called Strike
0-1: SINGLE (Line Drive, 34)
Jesús De Jesús to second
Batting: RHB Hatui Haunani 0-0: Called Strike
0-1: Ball
1-1: Ball
2-1: Ball
3-1: Base on Balls
Jesús De Jesús to third
Michael Sweeney to second
Batting: LHB Andrés Garza 0-0: Ball
1-0: Ball
2-0: Grounds into fielders choice 1-2 (Groundball, 13S)
Michael Sweeney to third
Hatui Haunani to second
Batting: RHB Xi-ku See-to 0-0: Ball
1-0: Called Strike
1-1: Fly out, F8 (Flyball, 8LS)
Bottom of the 5th over - 0 run(s), 2 hit(s), 0 error(s), 3 left on base; Grand Forks 1 - Provo 1
TOP OF THE 6TH
Grand Forks Caterpillars batting - Pitching for Provo Mango : RHP Grover Lowdermilk
Batting: RHB Craig Tricket 0-0: SINGLE (Line Drive, 89S)
Batting: SHB Juan Carlos Santos 0-0: Called Strike
0-1: Ball
1-1: Ball
2-1: Ball
3-1: Base on Balls
Craig Tricket to second
Batting: RHB Nelson Jaramillo 0-0: Foul Ball, location: 2F
0-1: Ball
1-1: Ball
2-1: Swinging Strike
2-2: Strikes out swinging
Batting: RHB Juan Rico 0-0: Ball
1-0: Foul Ball, location: 2F
1-1: Swinging Strike
1-2: Foul Ball, location: 2F
1-2: Ball
2-2: Ball
3-2: SINGLE (Line Drive, 78S)
Craig Tricket to third
Juan Carlos Santos to second
Batting: LHB Ieyoshi Samurakami 0-0: SINGLE (Groundball, 34D)
Craig Tricket scores
Juan Carlos Santos to third
Juan Rico to second
Runner from 3rd tries for Home, throw and OUT!
Batting: RHB Joaquín Lara 0-0: Called Strike
0-1: Fly out, F9 (Flyball, 9LS)
Top of the 6th over - 1 run(s), 3 hit(s), 0 error(s), 2 left on base; Grand Forks 2 - Provo 1
BOTTOM OF THE 6TH
Provo Mango batting - Pitching for Grand Forks Caterpillars : RHP Rizaldo Manansala
Now in CF: Félix Martínez
Batting: RHB Francisco Guerra 0-0: Ball
1-0: Called Strike
1-1: Ground out 6-3 (Groundball, 6M)
Batting: SHB Tomás Solorzano 0-0: Ball
1-0: Ball
2-0: Foul Ball, location: 2F
2-1: Ball
3-1: Fly out, F7 (Flyball, 7S)
Batting: SHB Tommy Dreamer 0-0: Ball
1-0: Ball
2-0: Ball
3-0: Called Strike
3-1: Base on Balls
Pitching: RHP Salvador López
Batting: RHB Guillermo Carrizales 0-0: Fly out, F8 (Line Drive, 8LM)
Bottom of the 6th over - 0 run(s), 0 hit(s), 0 error(s), 1 left on base; Grand Forks 2 - Provo 1
TOP OF THE 7TH
Grand Forks Caterpillars batting - Pitching for Provo Mango : RHP Grover Lowdermilk
Batting: RHB Moriz Ayushiev 0-0: Ball
1-0: Ground out 5-3 (Groundball, 56S)
Batting: RHB Hirotada Rin 0-0: SINGLE (Line Drive, 78M)
Pinch Hitting: RHB António Canales 0-0: Ball
1-0: Called Strike
1-1: Swinging Strike
1-2: Fly out, F4 (Popup, 4S)
Pinch Hitting: LHB Michael Woodard 0-0: Ball
1-0: Ball
2-0: Called Strike
2-1: Foul Ball, location: 2F
2-2: Ball
3-2: Strikes out looking
Top of the 7th over - 0 run(s), 1 hit(s), 0 error(s), 1 left on base; Grand Forks 2 - Provo 1
BOTTOM OF THE 7TH
Provo Mango batting - Pitching for Grand Forks Caterpillars : RHP Salvador López
Now at 3B: António Canales
Now in CF: Michael Woodard
Batting: LHB Jesús De Jesús 0-0: Swinging Strike
0-1: Called Strike
0-2: Foul Ball, location: 2F
0-2: Strikes out swinging
Batting: RHB Michael Sweeney 0-0: Ball
1-0: Ball
2-0: Swinging Strike
2-1: Called Strike
2-2: Foul Ball, location: 2F
2-2: Foul Ball, location: 2F
2-2: Foul Ball, location: 2F
2-2: Foul Ball, location: 2F
2-2: Strikes out looking
Batting: RHB Hatui Haunani 0-0: Foul Ball, location: 2F
0-1: Ball
1-1: Swinging Strike
1-2: Strikes out looking
Bottom of the 7th over - 0 run(s), 0 hit(s), 0 error(s), 0 left on base; Grand Forks 2 - Provo 1
TOP OF THE 8TH
Grand Forks Caterpillars batting - Pitching for Provo Mango : RHP Grover Lowdermilk
Batting: SHB Juan Carlos Santos 0-0: Called Strike
0-1: Ball
1-1: Called Strike
1-2: Ball
2-2: Ball
3-2: Foul Ball, location: 2F
3-2: Fly out, F9 (Flyball, 9LMF)
Batting: RHB Nelson Jaramillo 0-0: Called Strike
0-1: Foul Ball, location: 2F
0-2: Ball
1-2: Foul Ball, location: 2F
1-2: Fly out, F6 (Line Drive, 6M)
Batting: RHB Juan Rico 0-0: Ground out 1-3 (Groundball, P)
Top of the 8th over - 0 run(s), 0 hit(s), 0 error(s), 0 left on base; Grand Forks 2 - Provo 1
BOTTOM OF THE 8TH
Provo Mango batting - Pitching for Grand Forks Caterpillars : RHP Salvador López
Now at 2B: Hang-ki Chung
Batting: LHB Andrés Garza 0-0: Ball
1-0: Ball
2-0: Called Strike
2-1: Foul Ball, location: 2F
2-2: Fly out, F7 (Flyball, 7LM)
Batting: RHB Xi-ku See-to 0-0: Foul Ball, location: 2F
0-1: Ball
1-1: Ball
2-1: Foul Ball, location: 2F
2-2: Fly out, F7 (Flyball, 7)
Batting: RHB Francisco Guerra 0-0: Foul Ball, location: 2F
0-1: Foul Ball, location: 2F
0-2: Ground out 4-3 (Groundball, 4M)
Bottom of the 8th over - 0 run(s), 0 hit(s), 0 error(s), 0 left on base; Grand Forks 2 - Provo 1
TOP OF THE 9TH
Grand Forks Caterpillars batting - Pitching for Provo Mango : RHP Grover Lowdermilk
Pitching: RHP Juan Sánchez
Batting: LHB Ieyoshi Samurakami 0-0: Ball
1-0: Ball
2-0: Swinging Strike
2-1: Ball
3-1: Base on Balls
Pinch Hitting: SHB Tony Walsh 0-0: Ball
1-0: Ball
2-0: Swinging Strike
2-1: Swinging Strike
2-2: Strikes out swinging
Pinch Hitting: RHB José Báez 0-0: Ball
1-0: Foul Ball, location: 2F
1-1: Foul Ball, location: 2F
1-2: DOUBLE (Line Drive, 9LS)
Ieyoshi Samurakami to third
Pinch Hitting: LHB Steve Sconiers 0-0: Ball
1-0: Ball
2-0: SINGLE (Line Drive, 4)
Ieyoshi Samurakami scores
José Báez to third
Runner from 3rd tries for Home, SAFE, no throw
Batting: RHB António Canales 0-0: Called Strike
0-1: Ball
1-1: Foul Ball, location: 2F
1-2: Ball
Steve Sconiers steals 2nd base
2-2: Ground out 5-3 (Groundball, 56)
Batting: LHB Michael Woodard 0-0: Ball
Steve Sconiers steals 3rd base
1-0: Called Strike
1-1: Ground out 3-1 (Groundball, 34)
Top of the 9th over - 2 run(s), 2 hit(s), 0 error(s), 1 left on base; Grand Forks 4 - Provo 1
BOTTOM OF THE 9TH
Provo Mango batting - Pitching for Grand Forks Caterpillars : RHP Salvador López
Pitching: RHP Georg von Trapp
Now at 2B: José Báez
Now at SS: Dolla Head
Now in LF: Steve Sconiers
Batting: SHB Tomás Solorzano 0-0: Called Strike
0-1: Ground out 4-3 (Groundball, 4)
Batting: SHB Tommy Dreamer 0-0: Foul Ball, location: 2F
0-1: Ball
1-1: Ball
2-1: SINGLE (Groundball, 34) (infield hit)
Batting: RHB Guillermo Carrizales 0-0: Ball
1-0: SINGLE (Groundball, 34D)
Tommy Dreamer to second
Runner from 2nd tries for 3rd, SAFE, throw made to third
Guillermo Carrizales to second
Pinch Hitting: LHB Ling Li 0-0: Called Strike
0-1: Ball
1-1: Called Strike
1-2: Foul Ball, location: 2F
1-2: DOUBLE (Flyball, 7)
Tommy Dreamer scores
Guillermo Carrizales scores
Batting: RHB Michael Sweeney 0-0: Called Strike
0-1: Called Strike
0-2: Ball
1-2: Ball
2-2: Fly out, F9 (Flyball, 9S)
Batting: RHB Hatui Haunani 0-0: SINGLE (Line Drive, 9LS)
Ling Li to third
Runner from 3rd tries for Home, SAFE, no throw
Pitching: RHP Mat Tengku
Batting: LHB Andrés Garza 0-0: Ball
1-0: Foul Ball, location: 2F
1-1: Foul Ball, location: 2F
1-2: Fly out, F7 (Flyball, 78M)
Bottom of the 9th over - 3 run(s), 4 hit(s), 0 error(s), 1 left on base; Grand Forks 4 - Provo 4
TOP OF THE 10TH
Grand Forks Caterpillars batting - Pitching for Provo Mango : RHP Juan Sánchez
Now at 3B: Ling Li
Batting: SHB Juan Carlos Santos 0-0: Called Strike
0-1: Foul Ball, location: 2F
0-2: Strikes out swinging, 2-3 out at first.
Pinch Hitting: SHB Neil Byrd 0-0: Called Strike
0-1: Ball
1-1: Foul Ball, location: 2F
1-2: Ball
2-2: Ball
3-2: SINGLE (Groundball, 4MD)
Batting: RHB Juan Rico 0-0: Called Strike
0-1: Called Strike
0-2: Ball
1-2: Foul Ball, location: 2F
1-2: Foul Ball, location: 2F
1-2: Ball
2-2: Ball
3-2: Fly out, F9 (Flyball, 9LM)
Batting: LHB Ieyoshi Samurakami 0-0: Ball
1-0: Ball
2-0: Called Strike
2-1: Foul Ball, location: 2F
2-2: Foul Ball, location: 2F
2-2: Strikes out swinging
Top of the 10th over - 0 run(s), 1 hit(s), 0 error(s), 1 left on base; Grand Forks 4 - Provo 4
BOTTOM OF THE 10TH
Provo Mango batting - Pitching for Grand Forks Caterpillars : RHP Mat Tengku
Now in RF: Neil Byrd
Batting: RHB Xi-ku See-to 0-0: Foul Ball, location: 2F
0-1: Swinging Strike
0-2: Ball
1-2: Ball
2-2: Ball
3-2: Strikes out looking
Batting: RHB Francisco Guerra 0-0: Ball
1-0: Called Strike
1-1: Foul Ball, location: 2F
1-2: Foul Ball, location: 2F
1-2: Ball
2-2: Ball
3-2: DOUBLE (Line Drive, 7LM)
Batting: SHB Tomás Solorzano 0-0: Ball
1-0: Foul Ball, location: 2F
1-1: Fly out, F8 (Flyball, 8RM)
Batting: SHB Tommy Dreamer 0-0: Intentional Walk
Batting: RHB Guillermo Carrizales 0-0: Fly out, F8 (Flyball, 8LD)
Bottom of the 10th over - 0 run(s), 1 hit(s), 0 error(s), 2 left on base; Grand Forks 4 - Provo 4
TOP OF THE 11TH
Grand Forks Caterpillars batting - Pitching for Provo Mango : RHP Juan Sánchez
Pitching: RHP Hengkie Iriawan
Pinch Hitting: RHB Pascal Lercari 0-0: Ball
1-0: Ball
2-0: Foul Ball, location: 2F
2-1: Foul Ball, location: 2F
2-2: Foul Ball, location: 2F
2-2: Foul Ball, location: 2F
2-2: Strikes out swinging
Batting: RHB José Báez 0-0: Swinging Strike
0-1: Foul Ball, location: 2F
0-2: Foul Ball, location: 2F
0-2: Strikes out swinging
Batting: LHB Steve Sconiers 0-0: Ball
1-0: Called Strike
1-1: SINGLE (Line Drive, 78S)
Batting: RHB António Canales 0-0: Called Strike
Steve Sconiers is caught stealing 2nd base
Top of the 11th over - 0 run(s), 1 hit(s), 0 error(s), 0 left on base; Grand Forks 4 - Provo 4
BOTTOM OF THE 11TH
Provo Mango batting - Pitching for Grand Forks Caterpillars : RHP Mat Tengku
Now at SS: Juan Gurule
Batting: LHB Ling Li 0-0: Ball
1-0: Swinging Strike
1-1: Called Strike
1-2: Ball
2-2: Foul Ball, location: 2F
2-2: Foul Ball, location: 2F
2-2: Foul Ball, location: 2F
2-2: Foul Ball, location: 2F
2-2: Ground out 3-1 (Groundball, 34)
Batting: RHB Michael Sweeney 0-0: Swinging Strike
0-1: Called Strike
0-2: Ball
1-2: Foul Ball, location: 2F
1-2: Ball
2-2: Ball
3-2: Strikes out swinging
Batting: RHB Hatui Haunani 0-0: Ball
1-0: SINGLE (Line Drive, 4D)
Batting: LHB Andrés Garza 0-0: Foul Ball, location: 2F
0-1: Ball
1-1: Foul Ball, location: 2F
1-2: Fielders Choice at 2nd, 4-6 (Groundball, 4)
Bottom of the 11th over - 0 run(s), 1 hit(s), 0 error(s), 0 left on base; Grand Forks 4 - Provo 4
TOP OF THE 12TH
Grand Forks Caterpillars batting - Pitching for Provo Mango : RHP Hengkie Iriawan
Batting: RHB António Canales 0-0: Ground out 1-3 (Groundball, 15)
Batting: LHB Michael Woodard 0-0: Foul Ball, location: 2F
0-1: Foul Ball, location: 2F
0-2: Strikes out looking
Batting: SHB Juan Carlos Santos 0-0: Foul Ball, location: 2F
0-1: Called Strike
0-2: Ball
1-2: Foul Ball, location: 2F
1-2: Ground out 4-3 (Groundball, 4M)
Top of the 12th over - 0 run(s), 0 hit(s), 0 error(s), 0 left on base; Grand Forks 4 - Provo 4
BOTTOM OF THE 12TH
Provo Mango batting - Pitching for Grand Forks Caterpillars : RHP Mat Tengku
Batting: RHB Xi-ku See-to 0-0: Fly out, F8 (Flyball, 8RM)
Batting: RHB Francisco Guerra 0-0: Ball
1-0: Swinging Strike
1-1: Foul Ball, location: 2F
1-2: Strikes out swinging
Batting: SHB Tomás Solorzano 0-0: Ball
1-0: Fly out, F8 (Flyball, 8LM)
Bottom of the 12th over - 0 run(s), 0 hit(s), 0 error(s), 0 left on base; Grand Forks 4 - Provo 4
TOP OF THE 13TH
Grand Forks Caterpillars batting - Pitching for Provo Mango : RHP Hengkie Iriawan
Batting: SHB Neil Byrd 0-0: Ball
1-0: Called Strike
1-1: Swinging Strike
1-2: Strikes out swinging
Batting: RHB Juan Rico 0-0: Called Strike
0-1: Swinging Strike
0-2: Strikes out looking
Batting: LHB Ieyoshi Samurakami 0-0: Foul Ball, location: 2F
0-1: Called Strike
0-2: Ball
1-2: Foul Ball, location: 2F
1-2: Ball
2-2: Fly out, F7 (Flyball, 7LSF)
Top of the 13th over - 0 run(s), 0 hit(s), 0 error(s), 0 left on base; Grand Forks 4 - Provo 4
BOTTOM OF THE 13TH
Provo Mango batting - Pitching for Grand Forks Caterpillars : RHP Mat Tengku
Pitching: RHP Elias Ijzendoorn
Batting: SHB Tommy Dreamer 0-0: Ball
1-0: Called Strike
1-1: Ball
2-1: Ball
3-1: Fly out, F8 (Line Drive, 89M)
Batting: RHB Guillermo Carrizales 0-0: Ball
1-0: Swinging Strike
1-1: Ground out 6-3 (Groundball, 6)
Batting: LHB Ling Li 0-0: Ball
1-0: Ball
2-0: Called Strike
2-1: Ball
3-1: Foul Ball, location: 2F
3-2: Base on Balls
Batting: RHB Michael Sweeney 0-0: Called Strike
0-1: Ball
1-1: Foul Ball, location: 2F
1-2: Foul Ball, location: 2F
1-2: Fly out, F8 (Flyball, 78M)
Bottom of the 13th over - 0 run(s), 0 hit(s), 0 error(s), 1 left on base; Grand Forks 4 - Provo 4
TOP OF THE 14TH
Grand Forks Caterpillars batting - Pitching for Provo Mango : RHP Hengkie Iriawan
Batting: RHB Juan Gurule 0-0: Ball
1-0: Ball
2-0: Called Strike
2-1: Ball
3-1: SINGLE (Groundball, 5S) (infield hit)
Batting: RHB José Báez 0-0: Ball
Juan Gurule is caught stealing 2nd base
1-0: Ball
2-0: Ball
3-0: Called Strike
3-1: Called Strike
3-2: SINGLE (Line Drive, 89S)
Batting: LHB Steve Sconiers 0-0: Ball
1-0: Called Strike
1-1: SINGLE (Groundball, 34D)
José Báez to second
Runner from 2nd tries for 3rd, SAFE, throw made to third
Batting: RHB António Canales 0-0: Grounds into double play, 6-4-3 (Groundball, 6M)
Top of the 14th over - 0 run(s), 3 hit(s), 0 error(s), 1 left on base; Grand Forks 4 - Provo 4
BOTTOM OF THE 14TH
Provo Mango batting - Pitching for Grand Forks Caterpillars : RHP Elias Ijzendoorn
Batting: RHB Hatui Haunani 0-0: Called Strike
0-1: Ball
1-1: Ball
2-1: Foul Ball, location: 2F
2-2: Fly out, F8 (Line Drive, 8LD)
Batting: LHB Andrés Garza 0-0: Ball
1-0: Ball
2-0: Ball
3-0: Called Strike
3-1: Base on Balls
Batting: RHB Xi-ku See-to 0-0: Ball
1-0: Swinging Strike
1-1: Fly out, F5 (Popup, 5L)
Batting: RHB Francisco Guerra 0-0: Called Strike
Andrés Garza steals 2nd base
0-1: Called Strike
0-2: Ball
1-2: Ball
2-2: Foul Ball, location: 2F
2-2: Ball
3-2: Intentional Walk
Batting: SHB Tomás Solorzano 0-0: Called Strike
0-1: Swinging Strike
0-2: Ball
1-2: Ball
2-2: Foul Ball, location: 2F
2-2: Reached via error on a dropped throw, E4
Andrés Garza to third
Francisco Guerra to second
Batting: SHB Tommy Dreamer 0-0: Called Strike
0-1: Ball
1-1: Ball
2-1: Fly out, F9 (Flyball, 89M)
Bottom of the 14th over - 0 run(s), 0 hit(s), 1 error(s), 3 left on base; Grand Forks 4 - Provo 4
TOP OF THE 15TH
Grand Forks Caterpillars batting - Pitching for Provo Mango : RHP Hengkie Iriawan
Batting: LHB Michael Woodard 0-0: Swinging Strike
0-1: Ball
1-1: Ball
2-1: Fly out, F8 (Flyball, 8LM)
Batting: SHB Juan Carlos Santos 0-0: Called Strike
0-1: Ball
1-1: Ball
2-1: Fly out, F7 (Flyball, 78D)
Batting: SHB Neil Byrd 0-0: Ball
1-0: SINGLE (Groundball, 34D)
Batting: RHB Juan Rico 0-0: Ball
1-0: Ball
2-0: Ball
3-0: Called Strike
3-1: Fly out, F9 (Flyball, 9LM)
Top of the 15th over - 0 run(s), 1 hit(s), 0 error(s), 1 left on base; Grand Forks 4 - Provo 4
BOTTOM OF THE 15TH
Provo Mango batting - Pitching for Grand Forks Caterpillars : RHP Elias Ijzendoorn
Batting: RHB Guillermo Carrizales 0-0: Ball
1-0: Ball
2-0: SINGLE (Flyball, 6MD)
Batting: LHB Ling Li 0-0: Ball
1-0: Sac Bunt - play at first, batter OUT! 1-4
Guillermo Carrizales to second
Batting: RHB Michael Sweeney 0-0: Called Strike
0-1: Swinging Strike
0-2: Ball
1-2: Strikes out swinging
Batting: RHB Hatui Haunani 0-0: Ball
1-0: Ball
2-0: Foul Ball, location: 2F
2-1: SINGLE (Flyball, 7LS)
Guillermo Carrizales to third
Runner from 3rd tries for Home, SAFE, no throw
Thursday, August 31st, 2017 - OOTP Baseball 17.12 Build 75